 Dungeon Crawl Stone Soup version 0.32-a0-666-ge8a88695a4 (webtiles) character file.

Game seed: 4307347341131316790

12 Sabo the Charlatan (level 2, -1/18 (21) HPs)
             Began as a Coglin Artificer on Mar 10, 2024.
             Constricted to death by a ball python (2 damage)
             ... on level 1 of the Dungeon.
             The game lasted 00:01:22 (190 turns).

Sabo the Charlatan (Coglin Artificer)                Turns: 190, Time: 00:01:25

HP:   -1/18 (21)    AC:  3    Str: 12    XL:     2   Next: 33%
MP:   2/2           EV:  1    Int: 10    God:
Gold: 0             SH:  0    Dex: 14    Spells: 1/1 levels left

rFire   . . .        a - +0 club {Hrothgar}
rCold   . . .        g - +0 short sword (drain) {Æðelind}
rNeg    . . .        b - +0 leather armour
rPois   .            (no helmet)
rElec   .            (no cloak)
rCorr   .            (no gloves)
SInv    .            (no boots)
Will    .....        (amulet unavailable)
Stlth   +            (ring unavailable)
HPRegen 0.23/turn    (ring unavailable)
MPRegen 0.08/turn    (no gizmo)

%: no passive effects
@: constricted, heavily drained, revved
A: off-hand wielding, slow wielding, warmup strikes, no jewellery
a: Invent Gizmo


You were on level 1 of the Dungeon.
You visited 1 branch of the dungeon, and saw 1 of its levels.

Inventory:

Hand Weapons
 a - a +0 club (weapon) {Hrothgar}
 g - a +0 short sword of draining (offhand) {Æðelind}
Armour
 b - a +0 leather armour (worn)
Wands
 c - a wand of flame (15) (quivered)
 d - a wand of charming (15)
 e - a wand of iceblast (5)


   Skills:
 + Level 1.0 Fighting
 + Level 2.2 Armour
 + Level 0.8 Dodging
 + Level 0.7 Stealth
 + Level 4.4 Evocations


You had one spell level left.
You didn't know any spells.
Your spell library was empty.

Dungeon Overview and Level Annotations

Branches:
Dungeon (1/15)

Altars:


Innate Abilities, Weirdness & Mutations

You can wield a second weapon in your off-hand.
It takes a long time for you to wield or remove held weapons.
Your first few attacks do less damage.
You cannot equip rings or amulets.


Message History

You kill the hobgoblin!
The jackal barely misses you.
You see here a hobgoblin corpse.
You hit the jackal but do no damage. You miss the jackal with your +0 club.
The jackal bites you. The ball python bites you.
The ball python completely misses you. The jackal bites you.
You hit the jackal with your +0 club.
The jackal is severely wounded.
You hit the jackal but do no damage. You drain the jackal.
You kill the jackal!
The jackal bites you but does no damage.
The ball python bites you. The ball python barely misses you.
The jackal bites you but does no damage.
The jackal bites you. The ball python closely misses you.
The ball python barely misses you.
You hit the jackal but do no damage. You miss the jackal with your +0 club.
The jackal barely misses you. x2; The ball python bites you.
* * * LOW HITPOINT WARNING * * *
The ball python barely misses you.
The jackal bites you but does no damage.
You hit the jackal with your +0 club.
You kill the jackal!
The jackal bites you.
* * * LOW HITPOINT WARNING * * *
The ball python barely misses you. The jackal bites you.
* * * LOW HITPOINT WARNING * * *
You hit the jackal but do no damage. You miss the jackal with your +0 club.
The ball python bites you.
* * * LOW HITPOINT WARNING * * *
The ball python grabs you. The ball python constricts you.
The jackal bites you but does no damage.
The ball python bites you but does no damage.
The ball python constricts you. The jackal barely misses you.
You hit the jackal but do no damage. You drain the jackal.
The jackal is heavily wounded.
You hit the jackal with your +0 club.
The jackal bites you but does no damage.
The ball python bites you but does no damage.
The ball python constricts you.
You die...

# ### ###.#####.##
...........#####
#...Sh.......#######
#...†@.†...........#
.....####.####.#####.#
###. #.# #.# #.### #
#.# #.# #.... ..# #.#
##### ... #.# ##.. #.#
... #.# #..#


You could see a jackal (very drained) and a ball python.

Vanquished Creatures
  A bat (D:1)
  A goblin (D:1)
  2 hobgoblins (D:1)
  2 jackals (D:1)
  A kobold (D:1)
  4 rats (D:1)
11 creatures vanquished.

Notes
Turn   | Place    | Note
-------+----------+-------------------------------------------
     0 | D:1      | Sabo the Coglin Artificer began the quest for the Orb.
     0 | D:1      | Reached XP level 1. HP: 15/15 MP: 1/1
   148 | D:1      | Reached XP level 2. HP: 12/17 MP: 2/2
   190 | D:1      | Constricted to death by a ball python

Illustrated notes

Levels and vault maps discovered:
D:1:      dpeg_arrival_prison, layout_loops_ring

Skill      XL: |  1 |
---------------+----+-----
Armour         | 2 |  2.2
Fighting       | |  1.0
Dodging        | |  0.8
Stealth        | |  0.7
Evocations     | |  4.4

Action                     || total
---------------------------++-------
  Melee: Club              ||    26
         Dagger            ||    10
         Short sword       ||    17
   Stab: Sleeping          ||     1
 Armour: Leather armour    ||    31
  Dodge: Dodged            ||    15

Table legend: (Time is in decaauts)
 A = Elapsed time spent in this place.
 B = Non-inter-level travel time spent in this place.
 C = Inter-level travel time spent in this place.
 D = Time resting spent in this place.
 E = Time spent auto-exploring this place.
 F = Levels seen in this place.
 G = Mean time per level.
                   A        B        C        D        E       F      G
               +--------+--------+--------+--------+--------+-----+--------+
         Total |    193 |    193 |      0 |     37 |      0 |   1 |  193.0 |
       Dungeon |    193 |    193 |      0 |     37 |      0 |   1 |  193.0 |
               +--------+--------+--------+--------+--------+-----+--------+

Top non-repeatable levels by time:
     D:1: 193 daAuts
